 Dungeon Crawl Stone Soup version 0.19.0-2-gae57169 (webtiles) character file.

291 Quirk the Shield-Bearer (level 6, 0/56 HPs)
             Began as a Minotaur Fighter on Nov 2, 2016.
             Slain by a gnoll
             ... wielding a +0 halberd
              (12 damage)
             ... on level 3 of the Dungeon.
             The game lasted 00:03:46 (2314 turns).

Quirk the Shield-Bearer (Minotaur Fighter)          Turns: 2314, Time: 00:03:46

Health: 0/56       AC:  7    Str: 26    XL:     6   Next: 10%
Magic:  5/5        EV:  9    Int:  5    God:
Gold:   212        SH: 10    Dex: 11    Spells: 0 memorised, 5 levels left

rFire  . . .     SeeInvis .     a - +0 war axe
rCold  . . .     Gourm    .     b - +0 scale mail
rNeg   . . .     Faith    .     c - +0 shield
rPois  .         Spirit   .     (helmet restricted)
rElec  .         Reflect  .     (no cloak)
rCorr  .         Harm     +     (no gloves)
MR     .....                    (no boots)
Stlth  ..........               n - amulet of harm
                                (no ring)
                                (no ring)

@: mighty
A: retaliatory headbutt, horns 2
a: no special abilities


You were on level 3 of the Dungeon.
You were not hungry.

You visited 1 branch of the dungeon, and saw 3 of its levels.

You collected 212 gold pieces.

Inventory:

Hand Weapons
 a - a +0 war axe (weapon)
Armour
 b - a +0 scale mail (worn)
 c - a +0 shield (worn)
 B - a cursed +0 cloak
Jewellery
 n - an amulet of harm (around neck)
Scrolls
 e - 2 scrolls of remove curse {unknown}
 j - a scroll of magic mapping {unknown}
 l - a scroll of amnesia {unknown}
 p - a scroll of random uselessness {unknown}
 q - a scroll of blinking {unknown}
 r - 2 scrolls of enchant weapon {unknown}
 t - a scroll of teleportation {unknown}
 u - a scroll of fog {unknown}
 y - a scroll of enchant armour {unknown}
 A - 3 scrolls of recharging {unknown}
Potions
 d - a potion of might
 i - a potion of agility
 k - 2 potions of heal wounds
 m - 2 potions of flight
 o - a potion of resistance
 s - 3 potions of curing
 w - a potion of ambrosia {unknown}
 x - a potion of lignification {unknown}
Comestibles
 f - 2 bread rations
 g - 3 fruits
 v - 2 meat rations
 z - 3 chunks of flesh


   Skills:
 + Level 5.0 Fighting
 + Level 3.7 Axes
 + Level 4.6 Armour
 + Level 2.8 Dodging
 + Level 5.2 Shields


You had 5 spell levels left.
You didn't know any spells.

Dungeon Overview and Level Annotations

Branches:
Dungeon (3/15)

Altars:


Innate Abilities, Weirdness & Mutations

You reflexively headbutt those who attack you in melee.
You have a pair of horns on your head.


Message History

The gnoll moves out of view.
Items here: )))) [[ †† Your scale mail prevents you from hitting the gnoll.
You headbutt the gnoll!
The gnoll is heavily wounded.
You block the gnoll's attack. x2; The gnoll hits you with a spear.
You slice the gnoll!!
You kill the gnoll!
You block the gnoll's attack.
The gnoll hits you from afar with a halberd!
* * * LOW HITPOINT WARNING * * *
A gnoll comes into view. It is wielding a club.
A gnoll comes into view. It is wielding a spear.
You see here a spear.
The gnoll shouts!
You hit the gnoll.
The gnoll is lightly wounded.
The gnoll closely misses you.
The gnoll moves out of view.
The gnoll hits you with a halberd!
You die...

####...##..##.#######.########.##
..............................P..
≈≈≈≈≈≈≈≈≈....≈≈≈≈≈≈≈≈≈≈≈≈≈≈≈≈≈≈≈.
≈≈≈≈≈≈≈≈≈....≈≈≈≈≈≈≈≈≈≈≈≈≈≈≈≈≈≈≈.
≈≈≈≈≈≈≈≈≈....≈≈≈≈≈≈≈≈≈≈≈≈#####≈≈.
............(............#.gg#≈≈.
#########''''#############...#≈≈.
#..gg#######..#..#+###≈≈P
+.gggggg@).'..#..# #.≈≈≈.
#..gg#######..#..# #.≈≈≈. ##''##
####### #.≈≈≈. ..gg. #†≈≈≈.
g...[.. #.≈≈≈. .....gg #.≈≈≈.
.g....g #.≈≈≈. #####++ #.≈≈≈.
#+###≈≈.


You could see 10 gnolls.

Vanquished Creatures
  An orc wizard (D:3)
  2 gnoll shamans (D:3)
  An orc priest (D:3)
  8 gnolls
  An adder (D:2)
  An ooze (D:2)
  2 worms (D:2)
  3 dart slugs
  3 orcs (D:3)
  4 hobgoblins
  19 jackals
  9 bats
  5 frilled lizards
  3 goblins
  5 kobolds
  7 rats
74 creatures vanquished.

Notes
Turn   | Place    | Note
-------+----------+-------------------------------------------
     0 | D:1      | Quirk the Minotaur Fighter began the quest for the Orb.
     0 | D:1      | Reached XP level 1. HP: 19/19 MP: 0/0
   144 | D:1      | Reached XP level 2. HP: 27/27 MP: 1/1
   491 | D:2      | Reached skill level 1 in Dodging
   622 | D:2      | Reached XP level 3. HP: 31/33 MP: 2/2
   991 | D:2      | Reached XP level 4. HP: 41/41 MP: 3/3
  1832 | D:3      | Reached skill level 5 in Shields
  1832 | D:3      | Reached XP level 5. HP: 38/47 MP: 4/4
  2306 | D:3      | Reached XP level 6. HP: 39/55 MP: 5/5
  2309 | D:3      | Reached skill level 5 in Fighting
  2314 | D:3      | Slain by a gnoll

Skill      XL: |  1  2  3  4  5  6 |
---------------+-------------------+-----
Shields        | 4 5 |  5.2
Fighting       | 4 5 |  5.0
Dodging        | 1 2 |  2.8
Armour         | 4 |  4.6
Axes           | 3 |  3.7

Action                   |  1- 3 |  4- 6 || total
-------------------------+-------+-------++-------
Melee: War axe           |    72 |   104 ||   176
       Headbutt          |     7 |    15 ||    22
  Use: Scroll            |       |     5 ||     5
       Potion            |       |     1 ||     1
  Eat: Chunk             |       |     5 ||     5
Armor: Scale mail        |    30 |    55 ||    85
Dodge: Dodged            |    22 |    33 ||    55
Block: Shield            |    39 |    73 ||   112
